 Dungeon Crawl Stone Soup version 0.21-a0-496-g696f58f537 (webtiles) character file.

251 Banto the Cutter (level 5, 0/38 HPs)
             Began as a Demonspawn Skald on Nov 23, 2017.
             Was a Follower of Okawaru.
             Slain by an adder (4 damage)
             ... in a sewer.
             The game lasted 00:03:37 (2528 turns).

Banto the Cutter (Demonspawn Skald)                 Turns: 2528, Time: 00:03:37

Health: 0/38       AC:  3    Str: 10 (12) XL:     5   Next: 88%
Magic:  8/8        EV: 11    Int: 15      God:    Okawaru [*.....]
Gold:   104        SH:  4    Dex:  9 (12) Spells: 7/8 levels left

rFire    . . .     SeeInvis .   a - +0 short sword
rCold    . . .     Gourm    .   (no shield)
rNeg     . . .     Faith    .   b - +0 leather armour
rPois    .         Spirit   .   (helmet restricted)
rElec    .         Reflect  .   (no cloak)
rCorr    .         Harm     .   (no gloves)
MR       .....                  (no boots)
Stlth    ++........             (no amulet)
HPRegen  0.12/turn              (no ring)
MPRegen  0.11/turn              (no ring)

@: lethally poisoned (0 -> -2)
A: horns 1, large bone plates 1
a: Heroism, Renounce Religion


You were in a sewer.
You worshipped Okawaru.
Okawaru was aware of your devotion.
You were hungry.

You visited 1 branch of the dungeon, and saw 3 of its levels.
You also visited: Sewer.

You collected 104 gold pieces.

Inventory:

Hand Weapons
 a - a +0 short sword (weapon)
Armour
 b - a +0 leather armour (worn)
Scrolls
 h - 2 scrolls of remove curse
Potions
 e - a potion of might {unknown}
 i - a potion of brilliance {unknown}
 k - a potion of degeneration
Books
 c - a book of Battle

   Spells                             Type                      Level
   a - Infusion                       Charms                       1
   b - Shroud of Golubria             Charms/Translocation         2
   c - Song of Slaying                Charms                       2
   d - Spectral Weapon                Hexes/Charms                 3
   e - Regeneration                   Charms/Necromancy            3
Comestibles
 d - a bread ration
 f - 4 fruits
 g - 3 meat rations


   Skills:
 - Level 2.0 Fighting
 + Level 4.2 Short Blades
 - Level 0.8 Armour
 - Level 1.7 Dodging
 + Level 3.9 Stealth
 - Level 2.0 Spellcasting
 - Level 2.6 Charms


You had 7 spell levels left.
You knew the following spells:

 Your Spells              Type           Power        Failure   Level  Hunger
a - Infusion              Chrm           #...         10%         1    #......


Dungeon Overview and Level Annotations

Branches:
Dungeon (3/15)

Altars:
Nemelex Xobeh
Okawaru


Innate Abilities, Weirdness & Mutations

You have a pair of small horns on your head.
You are partially covered in large bone plates. (SH +4)


Message History

You hit the ball python.
You kill the ball python!
Okawaru accepts your kill.
The ball python bites you but does no damage.
The ball python misses you. The adder bites you.
* * * LOW HITPOINT WARNING * * *
The adder closely misses you.
You take 2 damage, and have 9/38 hp.
You feel sick. You block the adder's attack.
You see here a ball python corpse.
You take 1 damage, and have 8/38 hp.
You feel sick. The adder bites you.
* * * LOW HITPOINT WARNING * * *
You take 1 damage, and have 7/38 hp.
You hit the adder.
The adder is lightly wounded.
The adder bites you.
* * * LOW HITPOINT WARNING * * *
The adder bites you.
You die...

*≈≈≈*≈*≈#≈≈≈≈≈≈≈≈≈≈≈≈≈≈≈≈≈≈
*≈≈≈≈*≈#≈#≈≈≈≈≈≈≈≈≈≈≈≈≈....
*≈≈≈*≈*≈#≈≈≈≈≈##≈≈...r##.r.
*≈≈******#≈≈≈##.Jr...####..
*≈≈*,,*,,#≈≈..r..r.....##..
*≈≈*,,,,,#......r.....r....
*≈≈**,,,,+.Srrrr..###.....#
*≈≈*,,,,,#.SS†rr.## *##r.##
*≈≈*,,*,,#@S###### *###
*≈≈******#### *≈≈* *≈≈*
*≈≈* *≈≈* *≈≈* *≈≈* *≈≈*


You could see an ooze, 3 adders, 2 river rats, a ball python and 8 rats.

Vanquished Creatures
  2 big kobolds (Sewer)
  An adder (D:2)
  2 river rats (Sewer)
  2 oozes (D:2)
  2 worms (D:2)
  3 dart slugs
  3 leopard geckos (D:3)
  7 bats (D:1)
  3 giant cockroaches (D:3)
  2 hobgoblins (D:1)
  2 jackals (D:1)
  A quokka (D:2)
  4 ball pythons
  3 frilled lizards (D:2)
  7 goblins
  9 kobolds
  12 rats
65 creatures vanquished.

Notes
Turn   | Place    | Note
-------+----------+-------------------------------------------
     0 | D:1      | Banto the Demonspawn Skald began the quest for the Orb.
     0 | D:1      | Reached XP level 1. HP: 16/16 MP: 3/3
    30 | D:1      | Reached skill level 2 in Short Blades
   269 | D:1      | Reached skill level 1 in Stealth
   274 | D:1      | Gained mutation: You have a pair of small horns on your head. [demonic ancestry]
   274 | D:1      | Reached XP level 2. HP: 18/22 MP: 0/5
   716 | D:1      | Reached XP level 3. HP: 25/27 MP: 6/6
   875 | D:2      | Found a faded altar of an unknown god.
   921 | D:2      | Found a sparkling altar of Nemelex Xobeh.
  1138 | D:2      | Found an iron altar of Okawaru.
  1151 | D:2      | Became a worshipper of Warmaster Okawaru
  1484 | D:2      | Reached skill level 3 in Short Blades
  1538 | D:2      | Gained mutation: You are partially covered in large bone plates. (SH +4) [demonic ancestry]
  1538 | D:2      | Reached XP level 4. HP: 29/33 MP: 7/7
  1678 | D:3      | Found a glowing drain.
  1783 | Sewer    | Entered a sewer
  2045 | Sewer    | Noticed a big kobold
  2045 | Sewer    | Noticed a big kobold
  2086 | Sewer    | Killed a big kobold
  2086 | Sewer    | Reached XP level 5. HP: 24/38 MP: 1/8
  2111 | Sewer    | Reached * piety under Okawaru
  2111 | Sewer    | Reached skill level 4 in Short Blades
  2528 | Sewer    | Slain by an adder

Vault maps used:
D:1:      minmay_arrival_diagonal_passages
D:2:      old_standard_altar, okawaru_ov_weapons_minmay,
          chequers_ecumenical_altar_simple
D:3:      zin_academy, gup_sewer_entry_pipe
Sewer:    sewer_minmay_treatment

Skill      XL: |  1  2  3  4  5 |
---------------+----------------+-----
Short Blades   | 2 3 4 |  4.2
Stealth        | 1 2 3 |  3.9
Fighting       | |  2.0
Armour         | |  0.8
Dodging        | |  1.7
Spellcasting   | |  2.0
Charms         | |  2.6

Action                   |  1- 3 |  4- 6 || total
-------------------------+-------+-------++-------
Melee: Short sword       |   111 |   107 ||   218
       Headbutt          |    13 |     6 ||    19
 Cast: Infusion          |     8 |     7 ||    15
  Use: Potion            |       |     5 ||     5
       Scroll            |       |     7 ||     7
 Stab: Sleeping          |     3 |       ||     3
  Eat: Chunk             |     2 |     3 ||     5
Armor: Leather armour    |    25 |    25 ||    50
Dodge: Dodged            |    58 |    94 ||   152
Block: Other             |       |    23 ||    23

Table legend:
 A = Spawn XP
 B = Non-spawn XP
 C = Spawn XP percentage of total XP
 D = Spawn monster count
 E = Non-spawn monster count
 F = Spawn count percentage of total count
 G = Total turns spent on level
                    A         B        C        D         E        F      G
               +---------+---------+-------+---------+---------+-------+---------
         Total |       0 |     359 |   0.0 |       0 |      65 |   0.0 |  2528
               +---------+---------+-------+---------+---------+-------+---------
           D:1 |       0 |      44 |   0.0 |       0 |      26 |   0.0 |   757
           D:2 |       0 |      54 |   0.0 |       0 |      16 |   0.0 |   875
           D:3 |       0 |      18 |   0.0 |       0 |       8 |   0.0 |   151
         Sewer |       0 |     243 |   0.0 |       0 |      15 |   0.0 |   745
               +---------+---------+-------+---------+---------+-------+---------

Table legend:
 A = Turns spent in this place as a percentage of turns spent in the entire game.
 B = Non-inter-level travel turns spent in this place as a percentage of non-inter-level travel turns spent in the entire game.
 C = Inter-level travel turns spent in this place as a percentage of turns spent in this place.
 D = Turns resting spent in this place as a percentage of non-inter-level travel turns spent in this place.
 E = Turns spent auto-exploring this place as a percentage of non-inter-level travel turns spent in this place.
 F = Non-inter-level travel turns spent in this place divided by the number of levels of this place that you've seen.
                   A       B       C       D       E      F
               +-------+-------+-------+-------+-------+----------------------
         Total | 100.0 | 100.0 |   2.4 |  36.1 |  39.1 | 616.8
       Dungeon |  70.5 |  69.8 |   3.4 |  23.3 |  51.8 | 574.0
         Sewer |  29.5 |  30.2 |   0.0 |  65.8 |   9.8 | 745.0
               +-------+-------+-------+-------+-------+----------------------

Table legend:
 A = Kills in this place as a percentage of kills in entire the game.
 B = Kills by you in this place as a percentage of kills by you in the entire game.
 C = Kills by friends in this place as a percentage of kills by friends in the entire game.
 D = Other kills in this place as a percentage of other kills in the entire game.
 E = Experience gained in this place as a percentage of experience gained in the entire game.
 F = Experience gained in this place divided by the number of levels of this place that you have seen.
                   A       B       C       D       E      F
               +-------+-------+-------+-------+-------+----------------------
         Total | 100.0 | 100.0 |   N/A |   N/A | 100.0 |  89.8
       Dungeon |  76.9 |  76.9 |   N/A |   N/A |  32.3 |  38.7
         Sewer |  23.1 |  23.1 |   N/A |   N/A |  67.7 | 243.0
               +-------+-------+-------+-------+-------+----------------------
